| TOP OF THE 1ST |
|
Milwaukee (NYP) Brewers batting - Pitching for Hillsboro Hops : RHP John Gloe
|
|
Pitching: RHP John Gloe
|
|
|
Batting: RHB Tristan Smeets
|
0-0: Called Strike 0-1: Foul Ball, location: 2F 0-2: Foul Ball, location: 2F 0-2: Ball 1-2: Strikes out swinging
|
|
Batting: RHB Ryan Miller
|
0-0: Ball 1-0: Ball 2-0: Ball 3-0: Called Strike 3-1: Foul Ball, location: 2F 3-2: Hit by Pitch
|
|
Batting: LHB Jason Raker
|
0-0: Ball 1-0: Called Strike 1-1: Fly out, F8 (Flyball, 78D, EV 100.0 MPH)
|
|
Batting: LHB Tyler Francis
|
0-0: Called Strike 0-1: Ball Wild Pitch! Ryan Miller to second 1-1: Ground out U3 (Groundball, 3L, EV 81.2 MPH)
|
| Top of the 1st over - 0 runs, 0 hits, 0 errors, 1 left on base; Milwaukee (NYP) 0 - Hillsboro 0 |
| BOTTOM OF THE 1ST |
|
Hillsboro Hops batting - Pitching for Milwaukee (NYP) Brewers : RHP Tom Wendel
|
|
Pitching: RHP Tom Wendel
|
|
|
Batting: RHB Wen-hua Lei
|
0-0: Ball 1-0: Ball 2-0: Ball 3-0: Base on Balls
|
|
Batting: RHB Ian Sousa
|
0-0: Ball Wen-hua Lei steals 2nd base 1-0: Called Strike 1-1: Ball 2-1: SINGLE (Groundball, 4MD, EV 95.6 MPH) Wen-hua Lei to third Runner from 3rd tries for Home, throw by CF and OUT! 8-2
|
|
Batting: LHB Soo-yeon Kym
|
0-0: Ball Wild Pitch! Ian Sousa to second 1-0: Called Strike 1-1: Called Strike 1-2: Ball 2-2: Strikes out swinging
|
|
Batting: LHB Dillon Rizzuto
|
0-0: Called Strike 0-1: Foul Ball, location: 2F 0-2: Strikes out looking
|
| Bottom of the 1st over - 0 runs, 1 hit, 0 errors, 1 left on base; Milwaukee (NYP) 0 - Hillsboro 0 |
| TOP OF THE 2ND |
|
Milwaukee (NYP) Brewers batting - Pitching for Hillsboro Hops : RHP John Gloe
|
|
Batting: RHB Juan Villanueva
|
0-0: Ball 1-0: Called Strike 1-1: Ball 2-1: Foul Ball, location: 2F 2-2: Strikes out looking
|
|
Batting: LHB Sal Burgos
|
0-0: Called Strike 0-1: Ball 1-1: Ball 2-1: Swinging Strike 2-2: Ball 3-2: Base on Balls
|
|
Batting: RHB Dusty Bates
|
0-0: Ball 1-0: Swinging Strike 1-1: Hit by Pitch Sal Burgos to second
|
|
Batting: SHB C.J. Olivares
|
0-0: Called Strike 0-1: Ball 1-1: Ball 2-1: Called Strike 2-2: Ball 3-2: Strikes out swinging
|
|
Batting: RHB Gene Sutton
|
0-0: Ball 1-0: Ground out 5-3 (Groundball, 5S, EV 93.1 MPH)
|
| Top of the 2nd over - 0 runs, 0 hits, 0 errors, 2 left on base; Milwaukee (NYP) 0 - Hillsboro 0 |
| BOTTOM OF THE 2ND |
|
Hillsboro Hops batting - Pitching for Milwaukee (NYP) Brewers : RHP Tom Wendel
|
|
Batting: RHB Jeremy Adams
|
0-0: Foul Ball, location: 2F 0-1: Foul Ball, location: 2F 0-2: Strikes out looking
|
|
Batting: RHB Antonio Luisa
|
0-0: Ball 1-0: Ground out 5-3 (Groundball, 56S, EV 79.4 MPH)
|
|
Batting: LHB Ivan Cortez
|
0-0: Called Strike 0-1: Ball 1-1: Swinging Strike 1-2: Ball 2-2: Strikes out looking
|
| Bottom of the 2nd over - 0 runs, 0 hits, 0 errors, 0 left on base; Milwaukee (NYP) 0 - Hillsboro 0 |
| TOP OF THE 3RD |
|
Milwaukee (NYP) Brewers batting - Pitching for Hillsboro Hops : RHP John Gloe
|
|
Batting: RHB Tristan Smeets
|
0-0: Ball 1-0: Called Strike 1-1: Foul Ball, location: 2F 1-2: Foul Ball, location: 2F 1-2: Foul Ball, location: 2F 1-2: Strikes out swinging
|
|
Batting: RHB Ryan Miller
|
0-0: Foul Ball, location: 2F 0-1: SINGLE (Groundball, 6MD, EV 110.0 MPH)
|
|
Batting: LHB Jason Raker
|
0-0: SINGLE (Groundball, 3, EV 88.8 MPH) (infield hit) Ryan Miller to second
|
|
Batting: LHB Tyler Francis
|
0-0: Called Strike 0-1: Called Strike 0-2: Strikes out swinging
|
|
Batting: RHB Juan Villanueva
|
0-0: Ball 1-0: Ball 2-0: Called Strike 2-1: Fly out, F9 (Flyball, 9LM, EV 94.4 MPH)
|
| Top of the 3rd over - 0 runs, 2 hits, 0 errors, 2 left on base; Milwaukee (NYP) 0 - Hillsboro 0 |
| BOTTOM OF THE 3RD |
|
Hillsboro Hops batting - Pitching for Milwaukee (NYP) Brewers : RHP Tom Wendel
|
|
Batting: RHB Brandon Joshua
|
0-0: Ball 1-0: Ball 2-0: Called Strike 2-1: DOUBLE (Line Drive, 89D, EV 99.4 MPH)
|
|
Batting: RHB Trevor Corey
|
0-0: Ball 1-0: Called Strike 1-1: Ball 2-1: Swinging Strike 2-2: Strikes out looking
|
|
Batting: RHB Wen-hua Lei
|
0-0: Ball 1-0: Ball Wild Pitch! Brandon Joshua to third 2-0: Called Strike 2-1: Ground out 6-3 (Groundball, 6, EV 86.9 MPH) Brandon Joshua scores
|
|
Batting: RHB Ian Sousa
|
0-0: Called Strike 0-1: Fly out, F7 (Flyball, 78D, EV 95.6 MPH)
|
| Bottom of the 3rd over - 1 run, 1 hit, 0 errors, 0 left on base; Milwaukee (NYP) 0 - Hillsboro 1 |
| TOP OF THE 4TH |
|
Milwaukee (NYP) Brewers batting - Pitching for Hillsboro Hops : RHP John Gloe
|
|
Batting: LHB Sal Burgos
|
0-0: Ball 1-0: DOUBLE (Line Drive, 7LM, EV 101.2 MPH)
|
|
Batting: RHB Dusty Bates
|
0-0: Ball 1-0: Foul Ball, location: 2F 1-1: SINGLE (Line Drive, 9LS, EV 90.6 MPH) Sal Burgos to third
|
|
Batting: SHB C.J. Olivares
|
0-0: Ball 1-0: Ball 2-0: Reached on error, E7 (Flyball, 7D, EV 99.4 MPH) Sal Burgos scores Dusty Bates to third
|
|
Batting: RHB Gene Sutton
|
0-0: Called Strike 0-1: Ball 1-1: SINGLE (Groundball, 56, EV 111.2 MPH) Dusty Bates scores C.J. Olivares to third Runner from 3rd tries for Home, SAFE, throw by LF to home Gene Sutton to second
|
|
Batting: RHB Tristan Smeets
|
0-0: Foul Ball, location: 2F 0-1: Ball 1-1: Foul Ball, location: 2F 1-2: Strikes out looking
|
|
Batting: RHB Ryan Miller
|
0-0: SINGLE (Line Drive, 7LS, EV 100.0 MPH) Gene Sutton to third
|
|
Batting: LHB Jason Raker
|
0-0: Called Strike Ryan Miller steals 2nd, throwing error, E2 Gene Sutton scores Ryan Miller to third 0-1: Ball 1-1: Reached on error, E7 (Flyball, 7, EV 91.9 MPH) Ryan Miller scores
|
|
Pitching: RHP Rory Bornt
|
|
|
Batting: LHB Tyler Francis
|
0-0: Foul Ball, location: 2F 0-1: Foul Ball, location: 2F 0-2: Foul Ball, location: 2F 0-2: Ball 1-2: Strikes out swinging
|
|
Batting: RHB Juan Villanueva
|
0-0: Ball 1-0: Called Strike 1-1: Called Strike 1-2: Foul Ball, location: 2F 1-2: Ball 2-2: Strikes out swinging
|
| Top of the 4th over - 5 runs, 4 hits, 3 errors, 1 left on base; Milwaukee (NYP) 5 - Hillsboro 1 |
| BOTTOM OF THE 4TH |
|
Hillsboro Hops batting - Pitching for Milwaukee (NYP) Brewers : RHP Tom Wendel
|
|
Batting: LHB Soo-yeon Kym
|
0-0: Ball 1-0: Called Strike 1-1: Ground out 3-1 (Groundball, 34, EV 83.1 MPH)
|
|
Batting: LHB Dillon Rizzuto
|
0-0: Fly out, F7 (Flyball, 78M, EV 93.1 MPH)
|
|
Batting: RHB Jeremy Adams
|
0-0: Ball 1-0: Ball 2-0: SINGLE (Line Drive, 34D, EV 103.1 MPH)
|
|
Batting: RHB Antonio Luisa
|
0-0: SINGLE (Line Drive, 4MD, EV 103.1 MPH) Jeremy Adams to second Runner from 2nd tries for 3rd, SAFE, throw by CF made to third
|
|
Batting: LHB Ivan Cortez
|
0-0: Ball 1-0: Called Strike 1-1: Called Strike 1-2: Ball 2-2: Ball 3-2: Base on Balls Antonio Luisa to second
|
|
Batting: RHB Brandon Joshua
|
0-0: Ball 1-0: Ball 2-0: Called Strike 2-1: Foul Ball, location: 2F 2-2: SINGLE (Groundball, 56S, EV 73.8 MPH) (infield hit) Jeremy Adams scores Antonio Luisa to third Ivan Cortez to second
|
|
Batting: RHB Trevor Corey
|
0-0: Foul Ball, location: 2F 0-1: Foul Ball, location: 2F 0-2: Ball 1-2: Strikes out swinging
|
| Bottom of the 4th over - 1 run, 3 hits, 0 errors, 3 left on base; Milwaukee (NYP) 5 - Hillsboro 2 |
| TOP OF THE 5TH |
|
Milwaukee (NYP) Brewers batting - Pitching for Hillsboro Hops : RHP Rory Bornt
|
|
Batting: LHB Sal Burgos
|
0-0: Ball 1-0: Foul Ball, location: 2F 1-1: Foul Ball, location: 2F 1-2: Ball 2-2: Strikes out swinging
|
|
Batting: RHB Dusty Bates
|
0-0: Ball 1-0: Swinging Strike 1-1: Ground out 4-3 (Groundball, 4MS, EV 78.1 MPH)
|
|
Batting: SHB C.J. Olivares
|
0-0: Ball 1-0: Fly out, F9 (Flyball, 9, EV 95.6 MPH)
|
| Top of the 5th over - 0 runs, 0 hits, 0 errors, 0 left on base; Milwaukee (NYP) 5 - Hillsboro 2 |
| BOTTOM OF THE 5TH |
|
Hillsboro Hops batting - Pitching for Milwaukee (NYP) Brewers : RHP Tom Wendel
|
|
Batting: RHB Wen-hua Lei
|
0-0: Ball 1-0: Ball 2-0: Foul Ball, location: 2F 2-1: Called Strike 2-2: Strikes out swinging
|
|
Batting: RHB Ian Sousa
|
0-0: DOUBLE (Line Drive, 89D, EV 103.8 MPH)
|
|
Batting: LHB Soo-yeon Kym
|
0-0: Called Strike 0-1: Called Strike 0-2: Ball 1-2: Strikes out swinging
|
|
Batting: LHB Dillon Rizzuto
|
0-0: Foul Ball, location: 2F 0-1: Ball 1-1: Ball 2-1: Foul Ball, location: 2F 2-2: Ball 3-2: 2-RUN HOME RUN (Flyball, 9D, EV 115.6 MPH), Distance : 440 ft
|
|
Batting: RHB Jeremy Adams
|
0-0: Called Strike 0-1: Called Strike 0-2: Foul Ball, location: 2F 0-2: Strikes out swinging
|
| Bottom of the 5th over - 2 runs, 2 hits, 0 errors, 0 left on base; Milwaukee (NYP) 5 - Hillsboro 4 |
| TOP OF THE 6TH |
|
Milwaukee (NYP) Brewers batting - Pitching for Hillsboro Hops : RHP Rory Bornt
|
|
Batting: RHB Gene Sutton
|
0-0: Ball 1-0: Ground out 5-3 (Groundball, 56S, EV 70.0 MPH)
|
|
Batting: RHB Tristan Smeets
|
0-0: Foul Ball, location: 2F 0-1: Ball 1-1: Ball 2-1: Fly out, F7 (Flyball, 7LM, EV 84.4 MPH)
|
|
Batting: RHB Ryan Miller
|
0-0: Ball 1-0: Ball 2-0: Fly out, F4 (Popup, 4S, EV 82.5 MPH)
|
| Top of the 6th over - 0 runs, 0 hits, 0 errors, 0 left on base; Milwaukee (NYP) 5 - Hillsboro 4 |
| BOTTOM OF THE 6TH |
|
Hillsboro Hops batting - Pitching for Milwaukee (NYP) Brewers : RHP Tom Wendel
|
|
Pitching: LHP Tim Phillips
|
|
|
Batting: RHB Antonio Luisa
|
0-0: Called Strike 0-1: Called Strike 0-2: Ball 1-2: Foul Ball, location: 2F 1-2: Strikes out swinging
|
|
Batting: LHB Ivan Cortez
|
0-0: Foul Ball, location: 2F 0-1: Ball 1-1: Swinging Strike 1-2: Strikes out swinging, 2-3 out at first.
|
|
Batting: RHB Brandon Joshua
|
0-0: Foul Ball, location: 2F 0-1: Foul Ball, location: 2F 0-2: Foul Ball, location: 2F 0-2: Ball 1-2: Ball 2-2: Strikes out swinging
|
| Bottom of the 6th over - 0 runs, 0 hits, 0 errors, 0 left on base; Milwaukee (NYP) 5 - Hillsboro 4 |
| TOP OF THE 7TH |
|
Milwaukee (NYP) Brewers batting - Pitching for Hillsboro Hops : RHP Rory Bornt
|
|
Pitching: LHP Jeff Haight
|
|
|
Batting: LHB Jason Raker
|
0-0: Called Strike 0-1: Ball 1-1: Swinging Strike 1-2: Ball 2-2: Ball 3-2: Ground out U3 (Groundball, 34, EV 91.9 MPH)
|
|
Batting: LHB Tyler Francis
|
0-0: Ball 1-0: Swinging Strike 1-1: Foul Ball, location: 2F 1-2: Ball 2-2: Strikes out looking
|
|
Pitching: RHP Jaden Peterson
|
|
|
Batting: RHB Juan Villanueva
|
0-0: Ball 1-0: Ball 2-0: Called Strike 2-1: DOUBLE (Groundball, 5L, EV 105.0 MPH)
|
|
Batting: LHB Sal Burgos
|
0-0: Intentional Walk
|
|
Batting: RHB Dusty Bates
|
0-0: Foul Ball, location: 2F 0-1: Ball 1-1: Ball 2-1: Foul Ball, location: 2F 2-2: Ball 3-2: Strikes out swinging
|
| Top of the 7th over - 0 runs, 1 hit, 0 errors, 2 left on base; Milwaukee (NYP) 5 - Hillsboro 4 |
| BOTTOM OF THE 7TH |
|
Hillsboro Hops batting - Pitching for Milwaukee (NYP) Brewers : LHP Tim Phillips
|
|
Pitching: LHP Paul Schumacher
|
|
|
Batting: RHB Trevor Corey
|
0-0: Ball 1-0: Foul Ball, location: 2F 1-1: Called Strike 1-2: Ball 2-2: Strikes out looking
|
|
Batting: RHB Wen-hua Lei
|
0-0: Foul Ball, location: 2F 0-1: Ball 1-1: Foul Ball, location: 2F 1-2: Foul Ball, location: 2F 1-2: Ball 2-2: Ground out 5-3 (Groundball, 56, EV 101.2 MPH)
|
|
Batting: RHB Ian Sousa
|
0-0: Called Strike 0-1: Ball 1-1: Swinging Strike 1-2: Strikes out looking
|
| Bottom of the 7th over - 0 runs, 0 hits, 0 errors, 0 left on base; Milwaukee (NYP) 5 - Hillsboro 4 |
| TOP OF THE 8TH |
|
Milwaukee (NYP) Brewers batting - Pitching for Hillsboro Hops : RHP Jaden Peterson
|
|
Batting: SHB C.J. Olivares
|
0-0: Ball 1-0: SINGLE (Groundball, 56, EV 108.8 MPH)
|
|
Batting: RHB Gene Sutton
|
0-0: Called Strike 0-1: Ball 1-1: Foul Ball, location: 2F 1-2: Strikes out swinging
|
|
Batting: RHB Tristan Smeets
|
0-0: Called Strike 0-1: Ball C.J. Olivares steals 2nd base 1-1: Ball 2-1: SINGLE (Groundball, 6MD, EV 100.6 MPH) C.J. Olivares to third
|
|
Batting: RHB Ryan Miller
|
0-0: Ball 1-0: Swinging Strike 1-1: Foul Ball, location: 2F 1-2: Foul Ball, location: 2F 1-2: Strikes out swinging
|
|
Pitching: RHP Phil Holmes
|
|
|
Batting: LHB Jason Raker
|
0-0: Fly out, F5 (Popup, 25F, EV 83.1 MPH)
|
| Top of the 8th over - 0 runs, 2 hits, 0 errors, 2 left on base; Milwaukee (NYP) 5 - Hillsboro 4 |
| BOTTOM OF THE 8TH |
|
Hillsboro Hops batting - Pitching for Milwaukee (NYP) Brewers : LHP Paul Schumacher
|
|
Pitching: RHP Odmar van de Vijver
|
|
|
Batting: LHB Soo-yeon Kym
|
0-0: Foul Ball, location: 2F 0-1: Ball 1-1: Swinging Strike 1-2: Ball 2-2: Foul Ball, location: 2F 2-2: Strikes out swinging
|
|
Batting: LHB Dillon Rizzuto
|
0-0: Ball 1-0: Ball 2-0: Ball 3-0: Base on Balls
|
|
Batting: RHB Jeremy Adams
|
0-0: Called Strike 0-1: Ball 1-1: Ball 2-1: Ball 3-1: SINGLE (Groundball, 34S, EV 70.0 MPH) (infield hit) Dillon Rizzuto to second
|
|
Batting: RHB Antonio Luisa
|
0-0: Called Strike 0-1: Fly out, F7 (Flyball, 78S, EV 91.2 MPH)
|
|
Batting: LHB Ivan Cortez
|
0-0: Foul Ball, location: 2F 0-1: Ball 1-1: Ball 2-1: Ground out U3 (Groundball, 34, EV 106.2 MPH)
|
| Bottom of the 8th over - 0 runs, 1 hit, 0 errors, 2 left on base; Milwaukee (NYP) 5 - Hillsboro 4 |
| TOP OF THE 9TH |
|
Milwaukee (NYP) Brewers batting - Pitching for Hillsboro Hops : RHP Phil Holmes
|
|
Pitching: RHP Adrian Frazier
|
|
|
Batting: LHB Tyler Francis
|
0-0: Foul Ball, location: 2F 0-1: Ball 1-1: Fly out, F8 (Flyball, 8LM, EV 81.9 MPH)
|
|
Batting: RHB Juan Villanueva
|
0-0: Ball 1-0: Swinging Strike 1-1: Ball 2-1: Ball 3-1: Foul Ball, location: 2F 3-2: Base on Balls
|
|
Batting: LHB Sal Burgos
|
0-0: Called Strike 0-1: Called Strike 0-2: Strikes out looking
|
|
Batting: RHB Dusty Bates
|
0-0: Called Strike Juan Villanueva steals 2nd, throwing error, E2 Juan Villanueva to third 0-1: Swinging Strike 0-2: Foul Ball, location: 2F 0-2: Strikes out swinging
|
| Top of the 9th over - 0 runs, 0 hits, 1 error, 1 left on base; Milwaukee (NYP) 5 - Hillsboro 4 |
| BOTTOM OF THE 9TH |
|
Hillsboro Hops batting - Pitching for Milwaukee (NYP) Brewers : RHP Odmar van de Vijver
|
|
Pitching: RHP Omar Morales
|
|
|
Batting: RHB Brandon Joshua
|
0-0: Called Strike 0-1: Swinging Strike 0-2: Ball 1-2: Strikes out looking
|
|
Batting: RHB Trevor Corey
|
0-0: Foul Ball, location: 2F 0-1: Foul Ball, location: 2F 0-2: Strikes out looking
|
|
Batting: RHB Wen-hua Lei
|
0-0: Called Strike 0-1: Foul Ball, location: 2F 0-2: Ball 1-2: Ball 2-2: Foul Ball, location: 2F 2-2: Foul Ball, location: 2F 2-2: Strikes out looking
|
| Bottom of the 9th over - 0 runs, 0 hits, 0 errors, 0 left on base; Milwaukee (NYP) 5 - Hillsboro 4 |
|